 Dungeon Crawl Stone Soup version 0.21-a0-513-gdcb3f5e (webtiles) character file.

11189 theanonym the Basher (level 11, -3/74 HPs)
             Began as a Gargoyle Fighter on Dec 2, 2017.
             Slain by an orc knight
             ... wielding a +3 battleaxe of freezing
              (8 damage)
             ... on level 1 of the Orcish Mines.
             The game lasted 00:22:58 (10870 turns).

theanonym the Basher (Gargoyle Fighter)            Turns: 10870, Time: 00:22:59

Health: -3/74      AC: 21    Str: 24    XL:     11   Next: 73%
Magic:  12/12      EV:  4    Int:  8    God:    Xom [....*.]
Gold:   1102       SH:  9    Dex: 11    Spells: 3/10 levels left

rFire    . . .     SeeInvis +   a - +1 morningstar
rCold    . . .     Gourm    .   c - +0 shield
rNeg     + . .     Faith    .   i - +0 plate armour
rPois    ∞         Spirit   .   s - +0 helmet
rElec    +         Reflect  .   (no cloak)
rCorr    .         Harm     .   e - +0 pair of gloves
MR       .....                  (no boots)
Stlth    ..........             x - amulet of rage {+Rage}
HPRegen  0.22/turn              l - ring of see invisible {sInv}
MPRegen  0.13/turn              (no ring)

@: hasted, very quick
A: thin skeletal structure 1, high mp 1, negative energy resistance 1,
electricity resistance, wild magic 1, unbreathing, petrification resistance, rot
immunity, AC +8
a: Renounce Religion, Evoke Berserk Rage


Innate Abilities, Weirdness & Mutations

You are resistant to torment.
Your stone body is resilient. (AC +8)
You are immune to poison.
You resist negative energy. (rN+)
You are resistant to electric shocks. (rElec)
You can survive without breathing.
You are immune to petrification.
You are immune to rotting.
You have a somewhat thin skeletal structure. (Dex +2, Stealth)
You have an increased reservoir of magic. (+10% MP)
Your spells are a little harder to cast, but a little more powerful.


   Skills:
 + Level 11.2 Fighting
 * Level 14.7 Maces & Flails
 - Level 3.2 Armour
 - Level 3.2 Shields


You had 3 spell levels left.
You knew the following spells:

 Your Spells              Type           Power        Failure   Level  Hunger
a - Blink                 Tloc           N/A          100%        2    ###....
b - Apportation           Tloc           #.....       100%        1    ##.....
c - Passwall              Tmut/Erth      #.........   100%        2    ###....
s - Swiftness             Chrm/Air       #.......     100%        2    ###....

Skill      XL: |  1  2  3  4  5  6  7  8  9 10 11 |
---------------+----------------------------------+-----
Maces & Flails | 3 4 5 6 7 8 10 12 13 14 | 14.7
Fighting       | 5 6 8 10 11 | 11.2
Armour         | |  3.2
Shields        | |  3.2

Action                   |  1- 3 |  4- 6 |  7- 9 | 10-12 || total
-------------------------+-------+-------+-------+-------++-------
Melee: Flail             |   195 |   108 |       |       ||   303
       Morningstar       |       |    70 |   492 |   475 ||  1037
Throw: Tomahawk          |       |       |     7 |     3 ||    10
 Abil: Evoke Berserk Rag |       |       |     1 |     1 ||     2
Evoke: Wand              |       |       |       |    10 ||    10
       Phial of floods   |       |       |       |     1 ||     1
  Use: Scroll            |     2 |       |     6 |    12 ||    20
       Potion            |       |     1 |     2 |     4 ||     7
 Stab: Invisible         |       |       |     5 |       ||     5
       Distracted        |       |       |     1 |     1 ||     2
  Eat: Chunk             |     2 |     4 |    14 |     8 ||    28
       Royal jelly       |       |       |     2 |       ||     2
       Meat ration       |       |       |     1 |     1 ||     2
       Bread ration      |       |       |       |     3 ||     3
Armor: Scale mail        |    55 |       |       |       ||    55
       Chain mail        |    20 |       |       |       ||    20
       Plate armour      |    60 |   129 |   376 |   268 ||   833
Dodge: Dodged            |    43 |    29 |   126 |    48 ||   246
Block: Shield            |   110 |    86 |   267 |   189 ||   652

Inventory:

Hand Weapons
 a - a +1 morningstar (weapon)
   (You took it off an orc on level 4 of the Dungeon)
 q - a +0 blowgun
   (You took it off a crimson imp on level 5 of the Dungeon)
Missiles
 p - 31 tomahawks (quivered)
 B - 11 poisoned needles
 G - a curare-tipped needle
Armour
 c - a +0 shield (worn)
 e - a +0 pair of gloves (worn)
   (You found it on level 1 of the Dungeon)
 i - a +0 plate armour (worn)
   (You found it on level 1 of the Dungeon)
 s - a +0 helmet (worn)
   (You found it on level 5 of the Dungeon)
 A - the +1 ring mail "Zoepp" {rN+}
   (You found it on level 9 of the Dungeon)

   It protects you from negative energy.
Jewellery
 l - a ring of see invisible (left hand) {sInv}
   (You found it on level 2 of the Dungeon)
 x - an amulet of rage (around neck) {+Rage}
   (You found it on level 4 of the Dungeon)
Wands
 v - a wand of acid (14)
   (You took it off an orc wizard on level 10 of the Dungeon)
 E - a wand of flame (60)
   (You found it on level 8 of the Dungeon)
 F - a wand of iceblast (10)
   (You found it on level 10 of the Dungeon)
Scrolls
 b - a scroll of blinking
 m - a scroll of enchant weapon
 o - 4 scrolls of remove curse
 r - a scroll of identify
 t - 3 scrolls of teleportation {!r}
 y - a scroll of magic mapping {!r}
Potions
 d - 2 potions of mutation
 g - a potion of flight
 h - a potion of haste
 j - a potion of ambrosia
 u - 2 potions of invisibility
 w - 4 potions of curing
Miscellaneous
 D - a phial of floods (inert) {god gift}
   (Xom gifted it to you on level 8 of the Dungeon)
Comestibles
 f - 7 bread rations
 n - 2 meat rations
 z - 2 royal jellies

Dungeon Overview and Level Annotations

Branches:
Dungeon (10/15)            Temple (1/1) D:6            Lair (0/6) D:10
    Orc (2/2) D:9
    Elf: Orc:2

Altars:
Ashenzari
Cheibriados
Dithmenos
Elyvilon
Fedhas
Gozag
Hepliaklqana
Kikubaaqudgha
Makhleb
Nemelex Xobeh
Okawaru
Qazlal
Ru
Sif Muna
Trog
Uskayaw
Vehumet
Wu Jian
Xom
Yredelemnul
Zin
The Shining One
Beogh

Shops:
Orc:2 %(

Annotations:
Orc:2 1 exclusion


You were on level 1 of the Orcish Mines.
You worshipped Xom.
You were a beloved toy of Xom.
You were hungry.

You visited 3 branches of the dungeon, and saw 13 of its levels.

You collected 1102 gold pieces.


Message History

There is a stone staircase leading up here.
The orc priest mumbles some strange prayers to Beogh against you.
Beogh smites you!
You hear a shout! x3
You climb upwards.
Your summoned ally is left behind.
There is a stone staircase leading down, spattered with blood here.
You take 11 damage, and have 42/74 hp.
You climb downwards.
Level annotation: 1 exclusion The orc shouts!
Your stone giant dissolves into shadows!
The orc knight hits you with a battleaxe of freezing.
The orc knight freezes you. The orc hits you but does no damage.
The orc knight hits you with a battleaxe of freezing!!
* * * LOW HITPOINT WARNING * * *
The orc knight freezes you.
* * * LOW HITPOINT WARNING * * *
An orc priest comes into view.
There is a stone staircase leading up here.
You take 26 damage, and have 16/74 hp.
MASSIVE DAMAGE!!
The orc hits you but does no damage.
You climb upwards.
There is a stone staircase leading down, spattered with blood here.
Okay, then.
Blink to where?
You are very lightly contaminated with residual magic.
As you read the scroll of blinking, it crumbles to dust.
You climb upwards.
Welcome back to the Dungeon!
There is a staircase to the Orcish Mines here.
You start resting.
Your magical contamination has completely faded away.
You regained 10 hp, and now have 28/74 hp.
You start resting.
Some of the chunks of flesh in your inventory have rotted away.
All of the chunks of flesh in your inventory have rotted away.
You are feeling hungry.
You regained 38 hp, and now have 66/74 hp.
You start resting.
Health restored: 74
Okay, then.
Okay, then.
Unknown command.
You feel yourself speed up.
You climb downwards.
Welcome back to the Orcish Mines!
There is a staircase back to the Dungeon here.
You hit the orc knight but do no damage.
The orc knight hits you but does no damage.
You puncture the orc knight!
You hit the orc knight but do no damage.
The orc knight hits you with a battleaxe of freezing!!
The orc knight freezes you.
You take 23 damage, and have 51/74 hp.
MASSIVE DAMAGE!!
You puncture the orc knight! You closely miss the orc knight.
You hit the orc knight.
The orc knight hits you but does no damage.
You puncture the orc knight!
You bludgeon the orc knight!! "There, this looks better."
The orc knight hits you with a battleaxe of freezing.
The orc knight freezes you.
You take 3 damage, and have 48/74 hp.
Your shield prevents you from hitting the orc knight.
The orc barely misses you.
Your shield and plate armour prevent you from hitting the orc knight.
The orc knight hits you with a battleaxe of freezing!
* * * LOW HITPOINT WARNING * * *
The orc knight freezes you!
* * * LOW HITPOINT WARNING * * *
You take 24 damage, and have 24/74 hp.
MASSIVE DAMAGE!!
You are too injured to fight recklessly!
You are too injured to fight recklessly!
You are too injured to fight recklessly!
You are too injured to fight recklessly!
You are too injured to fight recklessly!
You are too injured to fight recklessly!
You closely miss the orc knight. You block the orc's attack.
You hit the orc knight. The orc hits you but does no damage.
You closely miss the orc knight.
The orc knight roars a battlecry!
The orc goes into a battle-frenzy!
You closely miss the orc knight. You block the orc's attack.
You block the orc knight's attack.
You hit the orc knight but do no damage.
You barely miss the orc knight. You block the orc's attack.
The orc knight hits you with a battleaxe of freezing.
* * * LOW HITPOINT WARNING * * *
The orc knight freezes you.
* * * LOW HITPOINT WARNING * * *
You take 3 damage, and have 22/74 hp.
Your plate armour prevents you from hitting the orc knight.
You closely miss the orc knight. You block the orc's attack.
Your shield and plate armour prevent you from hitting the orc knight.
The orc knight hits you but does no damage.
You closely miss the orc knight. You block the orc's attack.
Your shield and plate armour prevent you from hitting the orc knight.
The orc knight hits you with a battleaxe of freezing!!
* * * LOW HITPOINT WARNING * * *
The orc knight freezes you!
You die...

####.####.#.#.###.##
#...##.......#...###
##...#...........##.##
##................#...#
#........._....#..#...#### #
#...##.................#.###
##...##...........#...#...#.
#....##...............#.##.
#...##._.o@o............#..
##.####....................
### ###..................
#####.......[......#....
##.##.....[[[.#......##..
#....#.##.[...##.......#.
##.......#.....###......#
###.#........###........
#####....####......#.#


You could see an orc knight and an orc.

Notes
Turn   | Place    | Note
-------+----------+-------------------------------------------
     0 | D:1      | theanonym the Gargoyle Fighter began the quest for the Orb.
     0 | D:1      | Reached XP level 1. HP: 14/14 MP: 1/1
   108 | D:1      | Reached XP level 2. HP: 15/19 MP: 2/2
   186 | D:1      | Reached skill level 3 in Maces & Flails
   863 | D:2      | Reached XP level 3. HP: 23/23 MP: 3/3
  1161 | D:2      | Reached skill level 4 in Maces & Flails
  1492 | D:3      | Reached XP level 4. HP: 25/28 MP: 4/4
  2265 | D:4      | Reached skill level 5 in Maces & Flails
  2265 | D:4      | Reached XP level 5. HP: 32/32 MP: 5/5
  2427 | D:4      | Noticed an ogre
  2429 | D:4      | Reached skill level 6 in Maces & Flails
  2452 | D:4      | Killed an ogre
  2452 | D:4      | Reached XP level 6. HP: 37/37 MP: 6/6
  2543 | D:4      | Reached skill level 7 in Maces & Flails
  2596 | D:4      | Found a burning altar of Makhleb.
  2620 | D:4      | Reached XP level 7. HP: 42/42 MP: 7/7
  3074 | D:4      | Reached skill level 4 in Fighting
  3085 | D:5      | Entered Level 5 of the Dungeon
  3293 | D:5      | Reached skill level 8 in Maces & Flails
  3311 | D:5      | HP: 22/44 [orc warrior/battleaxe (22)]
  3596 | D:5      | Reached skill level 5 in Fighting
  3596 | D:5      | Reached XP level 8. HP: 48/49 MP: 8/8
  3639 | D:5      | Found a glowing silver altar of Zin.
  3667 | D:5      | HP: 23/49 [orc warrior/battleaxe (15)]
  4032 | D:5      | Found a sacrificial altar of Ru.
  4039 | D:5      | Got a heavily runed wooden ring
  4128 | D:6      | Learned a level 2 spell: Swiftness
  4332 | D:6      | Learned a level 2 spell: Blink
  4370 | D:6      | Found an ancient bone altar of Kikubaaqudgha.
  4370 | D:6      | Found a radiant altar of Vehumet.
  4392 | D:6      | Reached skill level 9 in Maces & Flails
  4402 | D:6      | Noticed Prince Ribbit
  4414 | D:6      | Killed Prince Ribbit
  4414 | D:6      | Reached skill level 6 in Fighting
  4463 | D:6      | Found a staircase to the Ecumenical Temple.
  4470 | Temple   | Entered the Ecumenical Temple
  4659 | Temple   | Became a worshipper of Xom of Chaos
  4721 | D:6      | Noticed Menkaure
  4723 | D:6      | Identified the ring "Vumic" {rC- Int+4 Dex+4 Stlth-} (You found it on level 5 of the Dungeon)
  4728 | D:6      | Killed Menkaure
  4767 | D:6      | Found a glowing golden altar of the Shining One.
  4958 | D:6      | XOM: divination: detect items
  5050 | D:6      | Reached skill level 10 in Maces & Flails
  5050 | D:6      | Reached XP level 9. HP: 56/56 MP: 9/9
  5188 | D:7      | Reached skill level 7 in Fighting
  5270 | D:7      | HP: 28/57 [killer bee (5)]
  5275 | D:7      | HP: 26/85 [killer bee (3)]
  5287 | D:7      | XOM: potion effect (invisibility)
  5287 | D:7      | HP: 18/57 [killer bee (1)]
  5299 | D:7      | HP: 19/57 [black bear (2)]
  5349 | D:7      | XOM: silly message
  5581 | D:7      | XOM: smoke on damage
  5617 | D:7      | XOM: noise
  5820 | D:7      | Reached skill level 11 in Maces & Flails
  5997 | D:7      | Identified the Tome of the Warped Mountains
  6048 | D:7      | XOM: silly message
  6250 | D:7      | XOM: cleaving
  6288 | D:8      | Noticed a two-headed ogre
  6422 | D:8      | Noticed an orc sorcerer
  6423 | D:8      | Noticed an orc sorcerer
  6493 | D:8      | XOM: scenery: create altars
  6493 | D:8      | Paralysed by an orc sorcerer for 2 turns
  6497 | D:8      | Killed an orc sorcerer
  6497 | D:8      | Reached skill level 8 in Fighting
  6506 | D:8      | Noticed a rust devil
  6509 | D:8      | Killed an orc sorcerer
  6509 | D:8      | Reached skill level 12 in Maces & Flails
  6509 | D:8      | Reached XP level 10. HP: 45/65 MP: 10/10
  6615 | D:8      | Noticed an orc sorcerer
  6636 | D:8      | XOM: cast spell 'Monstrous Menagerie'
  6638 | D:8      | Killed an orc sorcerer
  6689 | D:8      | Noticed a cyclops
  6689 | D:8      | XOM: cast spell 'Discord'
  6713 | D:8      | Noticed a mana viper
  6713 | D:8      | a cyclops changed into a mana viper
  6713 | D:8      | XOM: polymorph cyclops -> mana viper
  6715 | D:8      | XOM: summons friendly crimson imp
  6715 | D:8      | HP: 28/65 [mana viper (8)]
  6719 | D:8      | XOM: 1-stop teleportation journey
  6803 | D:8      | XOM: god gift: phial of floods {god gift}
  6819 | D:8      | Noticed anet's ghost (novice DEWz)
  6836 | D:8      | XOM: fog
  6840 | D:8      | XOM: cast spell 'Olgreb's Toxic Radiance'
  6850 | D:8      | Killed anet's ghost
  6850 | D:8      | Reached skill level 9 in Fighting
  7005 | D:8      | XOM: harmless Necr miscast
  7059 | D:8      | HP: 26/66 [two-headed ogre/giant club (16)]
  7060 | D:8      | Killed a two-headed ogre
  7126 | D:8      | XOM: 1-stop teleportation journey
  7362 | D:8      | XOM: harmless Conj miscast
  7370 | D:8      | XOM: noise
  7451 | D:8      | XOM: 2-stop teleportation journey
  7490 | D:8      | Noticed an orc sorcerer
  7499 | D:8      | HP: 25/66 [orc sorcerer/bolt of negative energy (20)]
  7503 | D:8      | Killed an orc sorcerer
  7503 | D:8      | Reached skill level 13 in Maces & Flails
  7684 | D:8      | XOM: divination: detect items
  7953 | D:9      | Noticed Pikel
  7971 | D:9      | XOM: noise
  7972 | D:9      | XOM: blink monster(s)
  7976 | D:9      | Killed Pikel
  7976 | D:9      | Reached skill level 10 in Fighting
  8036 | D:9      | XOM: 1-stop teleportation journey
  8093 | D:9      | Noticed a two-headed ogre
  8100 | D:9      | XOM: enchant monster (good)
  8102 | D:9      | Reached XP level 11. HP: 72/72 MP: 11/11
  8176 | D:9      | HP: 29/73 [ogre/giant club (22)]
  8405 | D:9      | XOM: fake destruction
  8555 | D:9      | Found a staircase to the Orcish Mines.
  8583 | D:9      | XOM: swap monsters
  8799 | D:9      | Noticed a hand axe
  8799 | D:9      | Noticed a hand axe
  8800 | D:9      | Found a hide-covered altar of Uskayaw.
  8811 | D:9      | Got a faintly humming ring mail
  8817 | D:9      | Identified the +1 ring mail "Zoepp" {rN+} (You found it on level 9 of the Dungeon)
  8862 | D:9      | XOM: summons 11 friendly demons
  8962 | D:9      | XOM: cloud trail
  8967 | D:9      | Learned a level 1 spell: Apportation
  8970 | D:9      | Learned a level 2 spell: Passwall
  8979 | D:10     | Entered Level 10 of the Dungeon
  8989 | D:10     | Found a staircase to the Lair.
  9028 | D:10     | XOM: 9-stop teleportation journey
  9040 | D:10     | Reached skill level 14 in Maces & Flails
  9047 | D:10     | XOM: scenery: create altars
  9089 | D:10     | Noticed a brown ugly thing
  9095 | D:10     | XOM: summons friendly iron imp
  9114 | D:10     | Killed a brown ugly thing
  9316 | D:10     | XOM: scenery: create altars
  9418 | D:10     | XOM: polymorph wolf -> iguana
  9426 | D:10     | XOM: give mutations
  9426 | D:10     | Gained mutation: Your spells are a little harder to cast, but a little more powerful. [Xom's grace]
  9426 | D:10     | Gained mutation: You have a somewhat thin skeletal structure. (Dex +2, Stealth) [Xom's grace]
  9447 | D:10     | Noticed Grum
  9452 | D:10     | Killed Grum
  9618 | D:10     | XOM: scenery: create altars
  9656 | D:10     | Reached skill level 11 in Fighting
  9661 | D:10     | XOM: fog
  9662 | D:10     | XOM: cast spell 'Leda's Liquefaction'
  9664 | D:10     | XOM: mild Conj miscast
  9665 | D:10     | XOM: polymorph howler monkey -> river rat
  9810 | D:10     | XOM: give mutation
  9810 | D:10     | Gained mutation: You have an increased reservoir of magic. (+10% MP) [Xom's grace]
  9956 | Orc:1    | Entered Level 1 of the Orcish Mines
 10057 | Orc:1    | XOM: 3-stop teleportation journey
 10155 | Orc:1    | XOM: divination: detect creatures
 10215 | Orc:1    | You fall through a shaft!
 10215 | Orc:2    | Entered Level 2 of the Orcish Mines
 10215 | Orc:2    | Found Byagg's Food Emporium.
 10215 | Orc:2    | Found Itweceg's Antique Weapon Emporium.
 10215 | Orc:2    | Noticed an orc high priest
 10215 | Orc:2    | Noticed an orc high priest
 10215 | Orc:2    | Noticed an orc knight
 10215 | Orc:2    | Noticed an orc knight
 10215 | Orc:2    | Noticed an orc knight
 10215 | Orc:2    | Noticed an orc high priest
 10219 | Orc:2    | Noticed an orc high priest
 10221 | Orc:2    | Found a roughly hewn altar of Beogh.
 10475 | Orc:2    | XOM: fog
 10576 | Orc:2    | XOM: cast spell 'Shadow Creatures'
 10583 | Orc:2    | HP: 21/74 [orc knight/battleaxe of freezing (19)]
 10857 | Orc:1    | XOM: scenery: create altars
 10859 | Orc:1    | HP: 32/74 [orc knight/battleaxe of freezing (16)]
 10865 | Orc:1    | HP: 23/74 [orc knight/battleaxe of freezing (2)]
 10870 | Orc:1    | HP: 5/74 [orc knight/battleaxe of freezing (18)]
 10870 | Orc:1    | Slain by an orc knight

Vanquished Creatures
  2 two-headed ogres
  Pikel (D:9)
  An ugly thing (D:10)
  The ghost of anet the Magician, a novice DEWz of Ashenzari (D:8)
  3 orc sorcerers (D:8)
  A centaur skeleton (D:10)
  A gargoyle (D:9)
  3 trolls
  Prince Ribbit (D:6)
  A hippogriff (D:7)
  A wraith (D:10)
  A wyvern (D:10)
  Grum (D:10)
  2 hungry ghosts
  Menkaure (D:6)
  2 water moccasins
  7 orc warriors
  An ice beast (D:9)
  2 black bears
  4 phantoms
  A necrophage (D:10)
  6 ogres
  2 wolves (D:10)
  A centaur (D:8)
  A crocodile (D:10)
  2 big kobolds
  A wyvern zombie (D:5)
  2 bullfrogs
  A gnoll sergeant (D:6)
  6 killer bees (D:7)
  7 scorpions
  6 wights
  2 howler monkeys
  5 crimson imps
  A bullfrog zombie (D:5)
  2 bullfrog skeletons
  2 hounds
  2 orc priests
  5 orc wizards
  An iguana (D:10)
  5 worker ants
  2 hound skeletons
  6 gnolls
  9 adders
  A river rat (D:10)
  A shadow imp (D:10)
  3 adder skeletons
  2 worms (D:3)
  A dart slug (D:5)
  3 leopard geckos
  30 orcs
  6 bats
  8 giant cockroaches
  8 hobgoblins
  9 jackals
  3 quokkas
  2 ball pythons
  A frilled lizard (D:2)
  3 goblins
  16 kobolds
  A leopard gecko skeleton (D:4)
  2 quokka skeletons
  8 rats
223 creatures vanquished.

Vanquished Creatures (collateral kills)
  An orc sorcerer (D:8)
  A hungry ghost (D:8)
  An orc warrior (Orc:2)
  An ogre (D:8)
  A wight (D:8)
  2 orc priests
  A jelly (D:8)
  An iguana (D:8)
  5 orcs
14 creatures vanquished.

Vanquished Creatures (others)
  A dancing weapon (D:8)
  3 slaves (D:9)
  An orc priest (D:9)
  3 orcs (D:9)
  A kobold (D:9)
9 creatures vanquished.

Grand Total: 246 creatures vanquished
